 Dungeon Crawl Stone Soup version 0.22-a0-367-gb72a975 (webtiles) character file.

1634 khargal the Cudgeler (level 8, 0/68 HPs)
             Began as a Red Draconian Monk on Apr 22, 2018.
             Succumbed to a scorpion's poison
             ... on level 6 of the Dungeon.
             The game lasted 00:17:13 (7448 turns).

khargal the Cudgeler (Red Draconian Monk)           Turns: 7448, Time: 00:17:13

Health: 0/68       AC:  7    Str: 14    XL:     8   Next: 66%
Magic:  8/8        EV: 15    Int: 11    God:
Gold:   187        SH:  0    Dex: 15    Spells: 7/7 levels left

rFire    + . .     SeeInvis .   i - +4 quarterstaff (chaos)
rCold    . . .     Gourm    .   (shield currently unavailable)
rNeg     . . .     Faith    .   (armour unavailable)
rPois    .         Spirit   .   (helmet restricted)
rElec    .         Reflect  .   c - +0 cloak
rCorr    +         Harm     .   (no gloves)
MR       .....                  (no boots)
Stlth    ++........             (no amulet)
HPRegen  0.21/turn              h - ring of resist corrosion
MPRegen  0.11/turn              k - ring of wizardry

@: lethally poisoned (0 -> -6), short of breath, heavily drained
A: breathe fire, unfitting armour, fire resistance 1, cold-blooded, AC +6
a: Breathe Fire


You were on level 6 of the Dungeon.
You were very full.

You visited 1 branch of the dungeon, and saw 6 of its levels.

You collected 397 gold pieces.
You spent 210 gold pieces at shops.

Inventory:

Hand Weapons
 a - a +0 mace
 i - a +4 quarterstaff of chaos (weapon)
 j - a +4 whip
Missiles
 f - 6 tomahawks of returning (quivered)
 v - 8 poisoned needles
Armour
 c - a +0 cloak (worn)
Magical Staves
 d - an uncursed staff of death
Jewellery
 h - a ring of resist corrosion (left hand)
 k - a ring of wizardry (right hand)
 r - an uncursed ring of ice
Wands
 l - a wand of disintegration (14)
 q - a wand of clouds (3)
Scrolls
 g - a scroll of amnesia
 m - 3 scrolls of magic mapping
 n - 2 scrolls of identify
 p - 2 scrolls of remove curse
Comestibles
 b - 3 rations


   Skills:
 - Level 5.0(3.2) Fighting
 - Level 7.6(6.1) Maces & Flails
 * Level 4.0(4.4) Staves
 + Level 6.5(4.6) Dodging
 - Level 2.0(0.3) Stealth


You had 7 spell levels left.
You didn't know any spells.

Dungeon Overview and Level Annotations

Branches:
Dungeon (6/15)
 Temple: D:4-7

Altars:
Nemelex Xobeh
Qazlal

Shops:
D:5 *(*


Innate Abilities, Weirdness & Mutations

You can breathe blasts of fire.
Your fiery red scales are hard. (AC +6)
You cannot fit into any form of body armour.
Your flesh is heat resistant. (rF+)
You are cold-blooded and may be slowed by cold attacks.


Message History

You feel sick. The scorpion closely misses you.
* * * LOW HITPOINT WARNING * * *
You feel sick.
You see here a fizzy grey potion.
* * * LOW HITPOINT WARNING * * *
You feel sick.
There are no items here.
* * * LOW HITPOINT WARNING * * *
You feel sick.
* * * LOW HITPOINT WARNING * * *
You feel sick.
Press: ? - help, Shift-Dir - straight line, f - scorpion
Aim: a scorpion (purple smoke, almost dead)
You breathe a blast of fire.
The fiery breath hits the scorpion.
You kill the scorpion!
Your Staves skill increases to level 4!
You feel somewhat less full.
* * * LOW HITPOINT WARNING * * *
You feel sick.
You die...

#.....# .....
#.#...######...####.
#.#...##............
#.#.................
(..
....................
..#
..##....###.........
...# )<[)....#
#.....###.## ....
..#..#..#
#.....####§###..
..#.##..#
#.....@.§o!§#§#
..#.##..#
#.#.#.#####o§#
........#
#.....#####§##
###.#####
###......##§# <...#
###.##.##.# #####
#$##.##{##
#......Wo#
..?......#.###.#
########.....#...


You could see an orc warrior.

Vanquished Creatures
  Sigmund (D:2)
  Menkaure (D:5)
  A necrophage (D:5)
  2 ogres (D:5)
  A scorpion (D:6)
  5 wights
  The ghost of dstrtnsr the Chiller, a weakling GnIE (D:3)
  A howler monkey (D:4)
  A crimson imp (D:5)
  A bullfrog zombie (D:5)
  A jelly (D:5)
  4 bullfrog skeletons
  3 orc wizards
  Crazy Yiuf (D:5)
  An orc priest (D:4)
  A hound (D:4)
  An iguana (D:4)
  Natasha (thrice) (D:3)
  4 worker ants
  7 adders
  A shadow imp (D:5)
  3 oozes
  An adder skeleton (D:4)
  A worm (D:2)
  2 dart slugs (D:2)
  A leopard gecko (D:5)
  14 orcs
  7 bats
  4 giant cockroaches
  9 goblins
  9 hobgoblins
  7 jackals
  3 quokkas
  2 frilled lizards
  12 kobolds
  2 quokka skeletons (D:5)
  A quokka zombie (D:5)
  9 rats
129 creatures vanquished.

Notes
Turn   | Place    | Note
-------+----------+-------------------------------------------
     0 | D:1      | khargal the Draconian Monk began the quest for the Orb.
     0 | D:1      | Reached XP level 1. HP: 19/19 MP: 1/1
   145 | D:1      | Reached XP level 2. HP: 21/26 MP: 2/2
   640 | D:1      | Reached XP level 3. HP: 25/33 MP: 3/3
  1130 | D:2      | Reached XP level 4. HP: 14/40 MP: 4/4
  1496 | D:2      | Found a stormy altar of Qazlal.
  1496 | D:2      | Found a sparkling altar of Nemelex Xobeh.
  1614 | D:2      | Reached skill level 4 in Maces & Flails
  1775 | D:2      | Noticed Sigmund
  1798 | D:2      | Killed Sigmund
  1798 | D:2      | Reached skill level 5 in Maces & Flails
  1798 | D:2      | Reached XP level 5. HP: 13/47 MP: 5/5
  2335 | D:3      | Reached XP level 6. HP: 47/53 MP: 6/6
  2771 | D:3      | Noticed dstrtnsr's ghost (weakling GnIE)
  3018 | D:3      | Killed dstrtnsr's ghost
  3284 | D:3      | Noticed Natasha
  3292 | D:3      | Killed Natasha
  3405 | D:3      | Noticed Natasha
  3463 | D:3      | Killed Natasha
  3515 | D:3      | Noticed Natasha
  3534 | D:3      | Killed Natasha
  3950 | D:4      | Your scales start taking on a fiery red colour.
  3950 | D:4      | Reached XP level 7. HP: 51/60 MP: 7/7
  3950 | D:4      | Gained mutation: Your flesh is heat resistant. (rF+) [Red Draconian growth]
  4063 | D:4      | Reached skill level 6 in Maces & Flails
  4246 | D:4      | Reached skill level 5 in Fighting
  4814 | D:4      | Reached skill level 5 in Dodging
  4896 | D:5      | Entered Level 5 of the Dungeon
  5226 | D:5      | Found Qyaps's Assorted Antiques.
  5235 | D:5      | Bought 2 scrolls of identify for 84 gold pieces
  5235 | D:5      | Bought an iron ring for 105 gold pieces
  5235 | D:5      | Bought a scroll labeled ZAUBOU POST for 21 gold pieces
  5269 | D:5      | Noticed Menkaure
  5309 | D:5      | Killed Menkaure
  5309 | D:5      | Reached skill level 7 in Maces & Flails
  5899 | D:5      | Reached XP level 8. HP: 39/68 MP: 8/8
  6067 | D:5      | Found a runed door.
  6071 | D:5      | Noticed Crazy Yiuf
  6077 | D:5      | Killed Crazy Yiuf
  6103 | D:5      | Found Saicsix's General Store.
  6122 | D:5      | Reached skill level 1 in Staves
  6229 | D:5      | Found Meckacen's Weapon Shop.
  7445 | D:6      | HP: 3/68 [poisoned by a scorpion]
  7447 | D:6      | HP: 1/68 [poisoned by a scorpion]
  7448 | D:6      | Succumbed to a scorpion's poison

Vault maps used:
D:1:      minmay_arrival_widening_spiral_wide
D:2:      chequers_temple_overflow_statue_of_worship, uniq_sigmund
D:3:      lemuel_upstairs_altar, uniq_natasha
D:5:      first_ration, serial_shops, nicolae_shop_statue_plus, shop,
          shop_fountains, uniq_menkaure, uniq_crazy_yiuf_cottage
D:6:      nicolae_dithmenos_the_darkroom, nicolae_overflow_crystal_walls,
          lemuel_round_altar, minmay_temple_entry_glassed_door,
          cheibrodos_worm_habitat

Skill      XL: |  1  2  3  4  5  6  7  8 |
---------------+-------------------------+-----
Dodging        | 3 4 5 6 |  6.5
Stealth        | 2 |  2.0
Fighting       | 4 5 |  5.0
Maces & Flails | 5 7 |  7.6
Staves         | 4 |  4.0

Action                   |  1- 3 |  4- 6 |  7- 9 || total
-------------------------+-------+-------+-------++-------
Melee: Mace              |    36 |       |       ||    36
       Tailslap          |    14 |    36 |    37 ||    87
       Whip              |   110 |   274 |   149 ||   533
       Quarterstaff      |       |       |    60 ||    60
 Abil: Breathe Fire      |       |       |    14 ||    14
  Use: Scroll            |       |       |    21 ||    21
       Potion            |       |       |     8 ||     8
 Stab: Sleeping          |     6 |     5 |       ||    11
       Distracted        |       |     1 |     1 ||     2
  Eat: Chunk             |     1 |     9 |    10 ||    20
       Ration            |       |       |     3 ||     3
Armor: Skin              |    42 |    68 |    63 ||   173
Dodge: Dodged            |    95 |   165 |   132 ||   392

Table legend:
 A = Spawn XP
 B = Non-spawn XP
 C = Spawn XP percentage of total XP
 D = Spawn monster count
 E = Non-spawn monster count
 F = Spawn count percentage of total count
 G = Total turns spent on level
                    A         B        C        D         E        F      G
               +---------+---------+-------+---------+---------+-------+---------
         Total |       0 |    2335 |   0.0 |       0 |     129 |   0.0 |  7448
               +---------+---------+-------+---------+---------+-------+---------
           D:1 |       0 |      62 |   0.0 |       0 |      32 |   0.0 |  1032
           D:2 |       0 |     309 |   0.0 |       0 |      26 |   0.0 |  1343
           D:3 |       0 |     241 |   0.0 |       0 |      20 |   0.0 |  1297
           D:4 |       0 |     448 |   0.0 |       0 |      21 |   0.0 |  1224
           D:5 |       0 |     985 |   0.0 |       0 |      25 |   0.0 |  2310
           D:6 |       0 |     290 |   0.0 |       0 |       5 |   0.0 |   242
               +---------+---------+-------+---------+---------+-------+---------
